[Event "*** Titled Tuesday Blitz"]
[Site "Chess.com"]
[Date "2020.03.03"]
[Round "9"]
[White "Peroncio"]
[Black "Noam_Vitenberg"]
[Result "1-0"]
[WhiteElo "2646"]
[BlackElo "2426"]
[TimeControl "180+1"]
[EndTime "10:42:47 PST"]
[Termination "Peroncio won on time"]

1. e4 c6 2. d4 d5 3. e5 Bf5 4. h4 h5 5. Bd3 Bxd3 6. Qxd3 e6 7. Bg5 Be7 8. Nf3 Nh6 9. Nc3 Nf5 10. Ne2 c5 11. c3 Nc6 12. Ng3 Nxg3 13. fxg3 Rc8 14. O-O cxd4 15. cxd4 Qb6 16. Bxe7 Nxe7 17. Ng5 Nf5 18.
Rxf5 exf5 19. Qxf5 Rc7 20. e6 f6 21. Qg6+ Kf8 22. Rf1 Qxd4+ 23. Kh2 Rh6 24. Nh7+ Rxh7 25. Qxh7 Qg4 26. Re1 Ke7 27. Qg8 Qg6 28. Qb8 Rc4 29.
Qxb7+ Ke8 30. Qd7+ Kf8 31. e7+ 1-0

[Event "*** Titled Tuesday Blitz"]
[Site "Chess.com"]
[Date "2020.03.03"]
[Round "9"]
[White "praveenb2002"]
[Black "Misha_Bilous"]
[Result "1-0"]
[WhiteElo "2634"]
[BlackElo "2490"]
[TimeControl "180+1"]
[EndTime "10:42:49 PST"]
[Termination "praveenb2002 won on time"]

1. e4 c5 2. Nf3 d6 3. d4 cxd4 4. Nxd4 Nf6 5. Nc3 a6 6. Bg5 Nbd7 7.
Qe2 h6 8. Bh4 g6 9. O-O-O e5 10.
f4 Qc7 11. fxe5 dxe5 12. Nb3 b5 13. Nd5 Nxd5 14. exd5 Bd6 15. Qd2 f5 16. g4 f4 17.
Bd3 Kf7 18. Qe2 g5 19. Qe4 gxh4 20. Qg6+ Kf8 21. g5 h5 22. Bf5 Nb6 23. Qf6+ Kg8 24.
Qg6+ Kf8 25. Be6 Qg7 26. Qf5+ Ke7 27. Na5 Rf8 28. Qh3 Ke8 29. Nc6 e4 30. Bxc8 Rxc8 31. Qe6+ Be7 32. d6 Rxc6 33. d7+ Nxd7 34. Qxd7+ Kf7 35. Qxc6 e3 36. Qd5+ Kg6 37. Qe4+ Rf5 38. Rd5 Qf7 39. Rxf5 Qxf5 40. Qxe7 Qxg5 41. Qe8+ Kh7 42.
Rd1 1-0

[Event "*** Titled Tuesday Blitz"]
[Site "Chess.com"]
[Date "2020.03.03"]
[Round "9"]
[White "Zarikovs1999"]
[Black "hongnhung1234"]
[Result "0-1"]
[WhiteElo "2326"]
[BlackElo "2251"]
[TimeControl "180+1"]
[EndTime "10:42:57 PST"]
[Termination "hongnhung1234 won by resignation"]

1. e4 c5 2. Nf3 e6 3. Nc3 Nc6 4. d4 cxd4 5. Nxd4 Qc7 6. g3 a6 7.
Bg2 Nf6 8. O-O Be7 9. Be3 O-O 10.
a4 d6 11. f4 Bd7 12. Nce2 Ng4 13. Bc1 Qb6 14. h3 Nxd4 15. Nxd4 e5 16. hxg4 exd4 17.
a5 Qc5 18. Kh2 Rac8 19. e5 dxe5 20. Bxb7 Qxc2+ 21. Kh3 h5 22. Bf3 hxg4+ 23. Bxg4 Qh7+ 24. Kg2 Rc2+ 25. Rf2 Rxf2+ 26. Kxf2 Qh2+ 27. Kf1 Bb5+ 28. Be2 Qh3+ 29. Kf2 d3 30. Bxd3 Bc5+ 31. Be3 Qh2+ 32. Kf3 Bxe3 33. Bxb5 Qf2+ 34. Kg4 axb5 35. a6 exf4 36. Qf3 f5+ 0-1

[Event "*** Titled Tuesday Blitz"]
[Site "Chess.com"]
[Date "2020.03.03"]
[Round "9"]
[White "Omk124"]
[Black "Nalatac"]
[Result "1-0"]
[WhiteElo "2444"]
[BlackElo "2275"]
[TimeControl "180+1"]
[EndTime "10:42:58 PST"]
[Termination "Omk124 won by checkmate"]

1. e4 e5 2. Nf3 Nc6 3. Bb5 Nf6 4. O-O Nxe4 5. Re1 Nd6 6. Nxe5 Be7 7. Bf1 Nf5 8. Nc3 Nxe5 9. Rxe5 d6 10. Re1 d5 11.
d3 O-O 12. g3 c6 13. Bg2 Re8 14.
a4 a5 15. Ne2 Bd6 16. c3 Qb6 17. Qc2 Bd7 18. Bd2 h6 19. d4 Bf8 20. Nf4 Nd6 21. b3 Bf5 22. Qa2 Ne4 23. Rac1 Nxd2 24. Qxd2 Qxb3 25. Ra1 Qc2 26. Qxc2 Rxe1+ 27. Rxe1 Bxc2 28.
Ra1 Re8 29. Bf1 Bd6 30. Bd3 Bxf4 31. Bxc2 Bd2 32. Rb1 Bxc3 33. Rxb7 Bxd4 34. Bd3 Re1+ 35.
Kg2 Rd1 36. Rb8# 1-0

[Event "*** Titled Tuesday Blitz"]
[Site "Chess.com"]
[Date "2020.03.03"]
[Round "9"]
[White "GM-2023"]
[Black "NemtsevIgor"]
[Result "0-1"]
[WhiteElo "2068"]
[BlackElo "2353"]
[TimeControl "180+1"]
[EndTime "10:42:58 PST"]
[Termination "NemtsevIgor won on time"]

1. e4 c6 2. d4 d5 3. Nc3 h6 4. Nf3 Nf6 5. Bd3 dxe4 6. Nxe4 Nxe4 7. Bxe4 Bf5 8. Bxf5 Qa5+ 9. c3 Qxf5 10. O-O e6 11. Qb3 Qb5 12. Qc2 Nd7 13. c4 Qh5 14. Qb3 b6 15. Qa4 b5 16. Qa6 bxc4 17. Qxc6 Qd5 18.
Qa4 Bd6 19. Ne5 Bxe5 20. dxe5 a6 21. Rd1 Qb5 22. Qc2 O-O 23. Bf4 Nc5 24. Rd4 Nd3 25.
Rxc4 Nxf4 26. Rxf4 Qxe5 27. Rg4 Rab8 28. Rb1 Rfc8 29.
Qd2 Qf5 0-1

[Event "*** Titled Tuesday Blitz"]
[Site "Chess.com"]
[Date "2020.03.03"]
[Round "9"]
[White "dusanacns"]
[Black "FedaMaster"]
[Result "0-1"]
[WhiteElo "2609"]
[BlackElo "2435"]
[TimeControl "180+1"]
[EndTime "10:42:59 PST"]
[Termination "FedaMaster won on time"]

1. e4 c5 2. Nf3 d6 3. d4 cxd4 4. Nxd4 Nf6 5. Nc3 g6 6. Be3 Bg7 7. f3 O-O 8. Qd2 Nc6 9. O-O-O d5 10. Qe1 e6 11. h4 a6 12. h5 Nxh5 13. g4 Nf6 14. Bg5 Nxd4 15. Rxd4 Qb6 16. Rd3 h6 17. Bxh6 Bxh6+ 18. Rxh6 Kg7 19. g5 Nh5 20. exd5 e5 21. Qxe5+ f6 22. Qe7+ Rf7 23. Rh7+ Kxh7 24. Qxf7+ Kh8 25.
Re3 Qxe3+ 26. Kd1 Bf5 27. gxf6 Qe8 28. Qxb7 Nxf6 29. Qb6 Qd8 30. Qd4 Kg7 31. d6 Rb8 32. Bc4 Qb6 33. Qe5 Re8 34. Qf4 Nh5 35. Qg5 Qxd6+ 0-1

[Event "*** Titled Tuesday Blitz"]
[Site "Chess.com"]
[Date "2020.03.03"]
[Round "9"]
[White "Eltaj_Safarli"]
[Black "gena217"]
[Result "1/2-1/2"]
[WhiteElo "3052"]
[BlackElo "3023"]
[TimeControl "180+1"]
[EndTime "10:43:00 PST"]
[Termination "Game drawn by repetition"]

1. e4 c6 2. Nf3 d5 3. exd5 cxd5 4. Ne5 Nc6 5. d4 e6 6. c3 Bd6 7. f4 Nge7 8. Bd3 O-O 9. Nd2 f6 10. Qh5 Nf5 11. Nxc6 bxc6 12. O-O c5 13. Nf3 Rb8 14. g4 g6 15. Qh3 Ng7 16. Kh1 Qc7 17. Rg1 Bxf4 18.
Bxf4 Qxf4 19. Raf1 cxd4 20. Nxd4 Qd6 21. Qe3 Bd7 22.
b3 e5 23. Qg3 Rb6 24. Ne2 Bc6 25. h4 Ne6 26. Kh2 Rb7 27. Rf2 Rbf7 28. Rgf1 Kg7 29.
Nd4 Nxd4 30. cxd4 Qe7 31. g5 exd4 32. gxf6+ Rxf6 33. Rxf6 Rxf6 34. Rxf6 Qxf6 35. Qc7+ Kh6 36.
Kg3 Be8 37. b4 Bf7 38. Qf4+ Kg7 39. a4 h6 40. b5 g5 41. hxg5 hxg5 42. Qc7 Qh6 43. Qe5+ Qf6 44. Qc7 Qh6 45. Qe5+ Qf6 46. Qc7 1/2-1/2

[Event "*** Titled Tuesday Blitz"]
[Site "Chess.com"]
[Date "2020.03.03"]
[Round "9"]
[White "Dixit_Nikhil"]
[Black "Bulldog167"]
[Result "1-0"]
[WhiteElo "2582"]
[BlackElo "2745"]
[TimeControl "180+1"]
[EndTime "10:43:02 PST"]
[Termination "Dixit_Nikhil won by checkmate"]

1. e4 e5 2. Nf3 Nc6 3. Nc3 Nf6 4. d4 Bb4 5. Nxe5 O-O 6. Nxc6 dxc6 7. Bd3 Qxd4 8. Bd2 Bg4 9. f3 Be6 10. Qe2 Rad8 11. a3 Ba5 12. O-O-O Rfe8 13. g4 a6 14. Kb1 c5 15. Be3 Qd6 16. g5 Nd7 17. Bc4 Qc6 18.
Bd5 Bxd5 19. Nxd5 Qe6 20. h4 c6 21. Nf4 Qe7 22. h5 b5 23. g6 fxg6 24. hxg6 h6 25. Nh5 Bc7 26. Nxg7 Qxg7 27. Bxh6 Qf6 28. Rdg1 Ne5 29.
Bg5 Qxf3 30. Qh2 Nxg6 31. Qh7+ Kf8 32. Bh6# 1-0

[Event "*** Titled Tuesday Blitz"]
[Site "Chess.com"]
[Date "2020.03.03"]
[Round "9"]
[White "Palacios-LLera"]
[Black "GukeshDommaraju"]
[Result "0-1"]
[WhiteElo "2533"]
[BlackElo "2655"]
[TimeControl "180+1"]
[EndTime "10:43:04 PST"]
[Termination "GukeshDommaraju won by checkmate"]

1. d4 Nf6 2. Nf3 g6 3. c3 Bg7 4.
Bg5 O-O 5. Nbd2 d6 6. e4 h6 7. Bh4 g5 8. Bg3 Nc6 9. Bc4 e6 10. O-O Nh5 11. Re1 Nxg3 12. hxg3 Kh8 13. Qc2 a6 14. a4 Ne7 15. Nf1 Ng6 16. Ne3 h5 17. Kh2 g4 18. Nd2 c5 19. dxc5 dxc5 20. Rad1 Bh6 21. Nb3 Qe7 22. Qd2 h4 23. Qd6 hxg3+ 24.
fxg3 Qg5 25. Qxc5 Ne5 26. Kg1 b6 27. Qd4 Bg7 28. Qd2 Bd7 29. a5 b5 30. Be2 Bh6 31.
Bf1 Rad8 32. Qf2 Bc6 33. Nc5 Rxd1 34. Nxd1 Rd8 35. Ne3 Kg7 36. b4 Rh8 37. Nc2 Qh5 38.
Qd4 Bd2 39. Qxd2 Nf3+ 40. gxf3 Qh1+ 41. Kf2 Qxf3+ 42. Kg1 Rh1# 0-1

[Event "*** Titled Tuesday Blitz"]
[Site "Chess.com"]
[Date "2020.03.03"]
[Round "9"]
[White "MaxLeto"]
[Black "suyu28"]
[Result "0-1"]
[WhiteElo "2415"]
[BlackElo "2572"]
[TimeControl "180+1"]
[EndTime "10:43:04 PST"]
[Termination "suyu28 won on time"]

1. g4 e5 2. h4 d5 3. g5 Nc6 4. d3 h6 5. Bg2 hxg5 6. Bxg5 Be7 7. Nf3 Be6 8. Qd2 f6 9. Nc3 fxg5 10.
Nxg5 Bxg5 11. hxg5 Rxh1+ 12. Bxh1 Qd7 13. O-O-O O-O-O 14. Kb1 Nge7 15. e3 Rf8 16. f4 exf4 17. exf4 Nf5 18. Re1 Bg8 19. Bf3 Nfd4 20. Bh5 Kb8 21. Qg2 a6 22. Bg4 Qd6 23. f5 Qf4 24.
f6 Qxg5 25. fxg7 Qxg7 26. Qh3 Nb5 27. Nxb5 axb5 28. Bd1 b4 29. Qe3 d4 30. Qd2 Qf7 31.
b3 Qd5 32. Bg4 Qc5 33. Bh3 Na7 34. Bg2 Nb5 35. Kb2 Qc3+ 36. Qxc3 dxc3+ 0-1

[Event "*** Titled Tuesday Blitz"]
[Site "Chess.com"]
[Date "2020.03.03"]
[Round "9"]
[White "Redbandit87"]
[Black "Ariadna_Atreides"]
[Result "1-0"]
[WhiteElo "2395"]
[BlackElo "2100"]
[TimeControl "180+1"]
[EndTime "10:43:05 PST"]
[Termination "Redbandit87 won by resignation"]

1. d4 Nf6 2. Bf4 c5 3. e3 b6 4. Nd2 Bb7 5. Ngf3 d6 6. Bd3 g6 7. h3 Bg7 8. O-O O-O 9. c3 Nbd7 10. Bh2 Re8 11. Re1 e5 12. dxe5 Nxe5 13. Nxe5 dxe5 14. Qc2 e4 15. Bb5 Re7 16. Rad1 Qc8 17. Nc4 Ne8 18.
Bxe8 Qxe8 19. Nd6 Qc6 20. Nxb7 Qxb7 21. Rd6 Rd7 22. Red1 Rxd6 23. Rxd6 Bf8 24. Rd2 f5 25. Qb3+ Qf7 26. Qxf7+ Kxf7 27. Rd7+ Ke6 28. Rxh7 Rd8 29. Bf4 Rd1+ 30. Kh2 Rd2 31. Rxa7 Rxf2 32. b3 g5 33. Bxg5 Bd6+ 34. Bf4 Bxf4+ 35. exf4 e3 36. Ra8 Kd5 37. Re8 e2 38. h4 b5 39. Kg3 b4 40. Kxf2 bxc3 41.
Kxe2 Kd4 42. h5 c2 43. Kd2 c4 44. bxc4 Kxc4 45. Kxc2 Kb4 46. h6 Ka3 47. Rb8 Ka4 48. h7 Ka5 49. h8=Q Ka6 50. Qb2 1-0

[Event "*** Titled Tuesday Blitz"]
[Site "Chess.com"]
[Date "2020.03.03"]
[Round "9"]
[White "LarissaSteenbekkers"]
[Black "ethylalcohol"]
[Result "1-0"]
[WhiteElo "1858"]
[BlackElo "2118"]
[TimeControl "180+1"]
[EndTime "10:43:06 PST"]
[Termination "LarissaSteenbekkers won on time"]

1. e4 e6 2. d4 d5 3. Bd3 dxe4 4. Bxe4 Nf6 5. Bf3 c6 6. Ne2 Bd6 7. c4 b6 8. Nbc3 O-O 9. O-O Bb7 10. Ng3 Qc7 11.
Bg5 Nbd7 12. Nce4 Bf4 13. Bxf6 Nxf6 14. Nxf6+ gxf6 15. Nh5 Bg5 16. g3 f5 17. Bg2 Rad8 18. f4 Bh6 19. Qd2 Kh8 20. Rad1 e5 21. d5 cxd5 22.
cxd5 Rd6 23. Rc1 Qe7 24. Qc3 f6 25. Nxf6 Bg7 26. Nh5 1-0

[Event "*** Titled Tuesday Blitz"]
[Site "Chess.com"]
[Date "2020.03.03"]
[Round "9"]
[White "ajian"]
[Black "boasovietica"]
[Result "0-1"]
[WhiteElo "2292"]
[BlackElo "2504"]
[TimeControl "180+1"]
[EndTime "10:43:07 PST"]
[Termination "boasovietica won by resignation"]

1. d4 Nf6 2. c4 g6 3. Nc3 Bg7 4. e4 O-O 5. Nf3 d6 6. Be2 Bg4 7. O-O Nfd7 8. Be3 c5 9. d5 Na6 10. Nd2 Bxe2 11. Qxe2 Nc7 12. Rfc1 a6 13. a4 Rb8 14. Rab1 Nf6 15. b4 b6 16. a5 cxb4 17. Rxb4 bxa5 18. Ra4 Rb2 19. Rb1 Qb8 20. Raa1 Nd7 21.
Na4 Rb4 22. Rxb4 Qxb4 23. Ra2 Rb8 24. Qd1 e6 25. Qc2 exd5 26. cxd5 Nb5 27. g3 Ne5 28. Kg2 Nd4 29. Bxd4 Qxd4 30. Nc3 Nd3 31. Ne2 Ne1+ 0-1

[Event "*** Titled Tuesday Blitz"]
[Site "Chess.com"]
[Date "2020.03.03"]
[Round "9"]
[White "Jungle_Jaguar"]
[Black "Arystanner"]
[Result "0-1"]
[WhiteElo "2583"]
[BlackElo "2743"]
[TimeControl "180+1"]
[EndTime "10:43:08 PST"]
[Termination "Arystanner won by checkmate"]

1. e4 c6 2. d4 d5 3. exd5 cxd5 4. Bd3 Nc6 5. c3 Nf6 6. Bf4 Bg4 7. Qb3 e5 8. dxe5 Nh5 9. Be3 Nxe5 10. Bb5+ Nc6 11. Nd2 Be6 12. Qa4 Qc7 13. Ne2 Bd6 14. Nd4 Bd7 15.
Nxc6 bxc6 16. Be2 Nf6 17. Qh4 O-O 18. O-O Rfe8 19. Bd3 Be7 20. Bf4 Qb6 21. Nb3 Ne4 22. Qh5 g6 23. Qf3 Bf8 24. Be3 Qc7 25. Bf4 Bd6 26.
Bxd6 Qxd6 27. Rad1 f5 28. Nd4 c5 29. Ne2 Rab8 30.
b3 Bc6 31. Bxe4 fxe4 32. Qg4 Rbd8 33. Qf4 Qxf4 34. Nxf4 d4 35. b4 dxc3 36. bxc5 Rxd1 37. Rxd1 c2 38. Rc1 Rd8 39. Rxc2 Rd1# 0-1

[Event "*** Titled Tuesday Blitz"]
[Site "Chess.com"]
[Date "2020.03.03"]
[Round "9"]
[White "DishonorOnYourCow"]
[Black "Roman_Ovetchkin"]
[Result "1-0"]
[WhiteElo "2347"]
[BlackElo "2615"]
[TimeControl "180+1"]
[EndTime "10:43:10 PST"]
[Termination "DishonorOnYourCow won on time"]

1. d4 Nf6 2. c4 g6 3. Nc3 Bg7 4.
e4 d6 5. f3 O-O 6. Nge2 e5 7.
Bg5 exd4 8. Nxd4 h6 9. Be3 c6 10. Be2 Re8 11. Qd2 d5 12. cxd5 cxd5 13. O-O-O dxe4 14. Bxh6 Bxh6 15. Qxh6 Qa5 16. Bb5 Bd7 17. Qf4 Kg7 18. Nb3 Qb6 19. Bxd7 Nbxd7 20. fxe4 Rac8 21. Kb1 Rxc3 22. bxc3 Nc5 23. e5 Nfe4 24. Rhf1 Re7 25. Rd6 Qb5 26. Re1 Nxb3 27. Rxe4 Nd2+ 28. Kc2 Nxe4 29. Qxe4 Rxe5 30. Qd4 Kh7 31. Rd7 Re2+ 32. Kd1 1-0

[Event "*** Titled Tuesday Blitz"]
[Site "Chess.com"]
[Date "2020.03.03"]
[Round "9"]
[White "maestroza"]
[Black "Keaton87"]
[Result "1-0"]
[WhiteElo "2484"]
[BlackElo "2635"]
[TimeControl "180+1"]
[EndTime "10:43:10 PST"]
[Termination "maestroza won by resignation"]

1. d4 d5 2. Nf3 Nf6 3. e3 g6 4. c4 Bg7 5. Nc3 O-O 6. Be2 c5 7.
dxc5 Na6 8. cxd5 Nxc5 9. O-O Bf5 10. Bc4 Rc8 11. Qe2 Nfe4 12. Nxe4 Bxe4 13. Rd1 Qb6 14. Nd2 Bc2 15. Re1 Bxb2 16. Bxb2 Qxb2 17. Nf3 b5 18. Bxb5 Rb8 19. Nd4 e5 20. dxe6 Nxe6 21. Nxe6 fxe6 22. Bc4 Rfe8 23. Bb3 Rxb3 24. axb3 Qxb3 25. Rxa7 Bd3 26. Qa2 Qc3 27. Qa1 Rc8 28. Qxc3 Rxc3 29. h4 h5 30. Kh2 Rc2 31. Kg3 Rc4 32. f3 Rc8 33.
Rd1 Bc4 34. Rc1 Kf8 35. Ra4 Ba6 36. Rxc8+ Bxc8 37. Ra8 1-0

[Event "*** Titled Tuesday Blitz"]
[Site "Chess.com"]
[Date "2020.03.03"]
[Round "9"]
[White "GelmanAlexander"]
[Black "NM2019"]
[Result "1-0"]
[WhiteElo "2433"]
[BlackElo "2025"]
[TimeControl "180+1"]
[EndTime "10:43:10 PST"]
[Termination "GelmanAlexander won by checkmate"]

1. e4 c5 2. b4 b6 3. a3 Bb7 4. bxc5 bxc5 5. Nc3 g6 6. Rb1 Bg7 7. Bc4 Bc6 8. f4 Nf6 9. Nf3 Nxe4 10. Nxe4 Bxe4 11.
Bxf7+ Kf8 12. Ba2 Nc6 13. O-O Nd4 14. Ne1 e6 15. d3 Bc6 16. Be3 Qa5 17. c3 Qxc3 18.
Bd2 Qxa3 19. Bc4 Nf5 20. Nf3 d5 21. Bb3 Qa6 22. Ng5 Re8 23. Qe2 Nd4 24. Qf2 Nxb3 25. Rxb3 Bd4 26. Be3 Bxe3 27. Qxe3 d4 28. Qe5 Rg8 29.
Qf6# 1-0

[Event "*** Titled Tuesday Blitz"]
[Site "Chess.com"]
[Date "2020.03.03"]
[Round "9"]
[White "Spring199"]
[Black "Terao90"]
[Result "1-0"]
[WhiteElo "2272"]
[BlackElo "2395"]
[TimeControl "180+1"]
[EndTime "10:43:11 PST"]
[Termination "Spring199 won on time"]

1. d4 c6 2. c4 d5 3. cxd5 cxd5 4.
Nc3 Nc6 5. Bf4 a6 6. e3 Nf6 7. Rc1 g6 8. Bd3 Bg7 9. Nf3 O-O 10. O-O Bd7 11. a3 Rc8 12. Na4 Ne4 13. Nc5 Nxc5 14.
Rxc5 e6 15. Qe2 Na7 16. Rfc1 Rxc5 17. Rxc5 Bb5 18. Bc7 Qa8 19. Bb6 Nc8 20. Bc7 Bxd3 21. Qxd3 Re8 22. Bg3 Ne7 23. Ne5 Rc8 24. Qc2 Rxc5 25.
Qxc5 Qc8 26. h4 Qxc5 27. dxc5 Nc6 28. Nd3 e5 29. b4 e4 30. Ne1 d4 31. exd4 Nxd4 32. Kf1 f5 33. Bd6 Kf7 34. a4 Ke6 35. g3 Kd5 36. Ng2 1-0

[Event "*** Titled Tuesday Blitz"]
[Site "Chess.com"]
[Date "2020.03.03"]
[Round "9"]
[White "DonPreuss"]
[Black "DonBroca"]
[Result "1-0"]
[WhiteElo "2171"]
[BlackElo "2049"]
[TimeControl "180+1"]
[EndTime "10:43:13 PST"]
[Termination "DonPreuss won on time"]

1. d4 Nf6 2. Nc3 g6 3. e4 d6 4. f4 Bg7 5. Nf3 O-O 6. e5 dxe5 7. fxe5 Nd5 8. Bc4 Nxc3 9. bxc3 Bg4 10. O-O Nd7 11. h3 Bxf3 12. Qxf3 e6 13. Qxb7 c5 14. Ba3 Rb8 15. Qe4 Qc7 16. Rad1 h6 17. Rf3 Qb6 18. Rdf1 cxd4 19. Bxf8 dxc3+ 20. Kh1 Rxf8 21. Bb3 Nxe5 22.
Rxc3 Qb5 23. Rd1 Nd7 24. Rc7 Nc5 25. Qc6 Qe2 26. Qf3 Qb5 27. Rf1 Nxb3 28. Rxf7 Rxf7 29. Qxf7+ Kh7 30. axb3 a5 31. Rf6 Qg5 32. Rf1 e5 33. Qd5 1-0

[Event "*** Titled Tuesday Blitz"]
[Site "Chess.com"]
[Date "2020.03.03"]
[Round "9"]
[White "Turkey-Champion"]
[Black "northridgehawk"]
[Result "0-1"]
[WhiteElo "2457"]
[BlackElo "2240"]
[TimeControl "180+1"]
[EndTime "10:43:15 PST"]
[Termination "northridgehawk won by checkmate"]

1. e4 e5 2. Nf3 Nc6 3. Bc4 Nf6 4. d4 exd4 5. e5 d5 6. Bb5 Ne4 7. Nxd4 Bd7 8. Bxc6 bxc6 9. O-O Bc5 10. f3 Ng5 11. f4 Bg4 12. Qd3 Ne4 13. Be3 Qd7 14. Nd2 Nxd2 15. Qxd2 h5 16. Nb3 Bb6 17. Bc5 a5 18. a4 h4 19. h3 Bf5 20. Rae1 Rh6 21. Kh2 Rg6 22. Re3 Be4 23. Rf2 Qf5 24. Nd4 Rxg2+ 25. Rxg2 Qxf4+ 26. Kg1 Bxg2 27. Kxg2 Bxc5 28. c3 O-O-O 29.
Re2 Qg3+ 30. Kf1 Qxh3+ 31. Rg2 Re8 32. Qe2 Qh1+ 33. Rg1 Qh3+ 34. Rg2 f6 35. Qa6+ Kd8 36. Nxc6+ Kd7 37. Nd4 Bxd4 38. cxd4 fxe5 39. Qb5+ Ke7 40. Qxd5 Qh1+ 41. Ke2 exd4 42. Rxg7+ Kf6+ 43. Kd2 Qxd5 44. Rg6+ Kxg6 45. Kd3 Re3+ 46. Kc2 Qc4+ 47. Kd2 Re2+ 48. Kd1 Qc2# 0-1

[Event "*** Titled Tuesday Blitz"]
[Site "Chess.com"]
[Date "2020.03.03"]
[Round "9"]
[White "Artem_Sadovsky"]
[Black "VerdeNotte"]
[Result "0-1"]
[WhiteElo "2609"]
[BlackElo "2803"]
[TimeControl "180+1"]
[EndTime "10:43:19 PST"]
[Termination "VerdeNotte won on time"]

1. Nf3 c5 2. g3 b6 3. Bg2 Bb7 4. O-O g6 5. d4 cxd4 6. Qxd4 Nf6 7. Nc3 Nc6 8. Qh4 Bg7 9. Bh6 Bxh6 10. Qxh6 Rc8 11.
Ng5 Na5 12. Bxb7 Nxb7 13. Qg7 Rf8 14. Nd5 Nh5 15. Qh6 e6 16. Nxh7 Rg8 17. Nf4 Rc5 18.
h4 Nd6 19. Nd3 Rxc2 20. Qe3 Nf5 21. Qe5 d6 22. Qb5+ Qd7 23. Qxd7+ Kxd7 24. g4 Rg7 25. Ng5 Nxh4 26. Ne4 Rxe2 27. Nc3 Rd2 28. Rad1 Nf3+ 29. Kg2 Rxd3 30. Rxd3 Nf4+ 31. Kxf3 Nxd3 32. b3 g5 33. Kg3 Rh7 34. Ne4 Ke7 35. Nxg5 Rg7 36. Ne4 f5 37. Nd2 Rxg4+ 38. Kf3 e5 39. Ke2 Nf4+ 40. Kf3 Rh4 41. Rg1 Rh3+ 42. Rg3 d5 43. Rxh3 Nxh3 44. Kg3 Nf4 45.
Nf3 Kd6 46. Ng5 d4 47. Kf3 Kd5 48. Nh7 d3 49. Ke3 e4 50. Nf6+ Ke6 51. Ne8 Ke5 52.
Nc7 Nd5+ 53. Nxd5 Kxd5 54. f3 f4+ 55. Kxf4 d2 0-1

[Event "*** Titled Tuesday Blitz"]
[Site "Chess.com"]
[Date "2020.03.03"]
[Round "9"]
[White "KerryStead"]
[Black "Andrew-FB00"]
[Result "1-0"]
[WhiteElo "2134"]
[BlackElo "1852"]
[TimeControl "180+1"]
[EndTime "10:43:20 PST"]
[Termination "KerryStead won by resignation"]

1. d4 Nf6 2. f3 d5 3. e4 dxe4 4.
Nc3 exf3 5. Nxf3 Bg4 6. h3 Bxf3 7. Qxf3 c6 8. Qf2 e6 9. Bg5 Be7 10. Bd3 h6 11. Bf4 Nd5 12. Nxd5 cxd5 13. O-O O-O 14. c3 Bf6 15. Bxh6 gxh6 16. Qxf6 Qxf6 17. Rxf6 Kg7 18. Raf1 Nd7 19. R6f4 f5 20. g4 fxg4 21. Rxg4+ Kh8 22. Rg6 Rg8 23. h4 Rxg6+ 24. Bxg6 Rg8 25. h5 Nf8 26. Rf6 Nxg6 27. hxg6 Re8 28. Rf7 Rg8 29. Rxb7 Rxg6+ 30. Kf2 Rg7 31. Rb8+ Kh7 32. Re8 Rf7+ 33.
Kg3 Rb7 34. Rxe6 Rxb2 35. Re7+ Kg6 36. Rxa7 Rc2 37. Kf4 Rxc3 38. Ra6+ Kf7 39. Rxh6 Ra3 40. Rh2 Kf6 41. Rh6+ Ke7 42. Ke5 Rxa2 43. Rh7+ Kd8 44. Kxd5 Ra5+ 45. Ke6 Ra6+ 46. Ke5 Ra5+ 47. d5 Ra1 48.
Ke6 Re1+ 49. Kd6 Re8 50. Ra7 1-0

[Event "*** Titled Tuesday Blitz"]
[Site "Chess.com"]
[Date "2020.03.03"]
[Round "9"]
[White "czasnaszachy"]
[Black "freshfoodcompany"]
[Result "0-1"]
[WhiteElo "2249"]
[BlackElo "2208"]
[TimeControl "180+1"]
[EndTime "10:43:25 PST"]
[Termination "freshfoodcompany won by checkmate"]

1. d4 d5 2. c4 e6 3. Nc3 Be7 4. Bf4 Nf6 5. e3 O-O 6. Nf3 c5 7. dxc5 dxc4 8. Bxc4 Nbd7 9. c6 bxc6 10. O-O Bb7 11. Bg3 Nd5 12. Ne2 N7b6 13. Bd3 Nf6 14. Qc2 Nbd5 15. a3 h6 16. Ne5 Rc8 17. Nc4 c5 18. Rfd1 Qe8 19. e4 Nb6 20. Nc3 Nxc4 21. Bxc4 Qc6 22. f3 Ba6 23. Bxa6 Qxa6 24. Rd2 Rfd8 25. Rad1 Qb6 26. e5 Nh7 27. Bf2 Qc7 28. f4 Nf8 29. Nb5 Qb6 30. Nd6 Bxd6 31. Rxd6 Rxd6 32. Rxd6 Qc7 33. Qa4 Ng6 34. g3 Ne7 35.
Rd7 Qc6 36. Rxe7 Qxa4 37. Kg2 Qc6+ 38. Kg1 Rc7 39. Rxc7 Qxc7 40. Be1 Qb6 41. Bc3 c4+ 42. Kg2 Kf8 43. Kh3 Ke7 44. Kg4 Qf2 45. h3 g6 46.
Kh4 g5+ 47. Kg4 Qe2# 0-1

[Event "*** Titled Tuesday Blitz"]
[Site "Chess.com"]
[Date "2020.03.03"]
[Round "9"]
[White "Abund"]
[Black "AleksanderHnydiuk"]
[Result "0-1"]
[WhiteElo "2695"]
[BlackElo "2580"]
[TimeControl "180+1"]
[EndTime "10:43:27 PST"]
[Termination "AleksanderHnydiuk won by resignation"]

1. Nf3 Nf6 2. c4 g6 3. Nc3 d5 4.
cxd5 Nxd5 5. Qb3 Nb6 6. d4 Bg7 7. Bf4 O-O 8. e3 Be6 9. Qc2 Nc6 10. Rd1 Nd5 11. Nxd5 Qxd5 12. a3 Bf5 13. Bd3 Qa5+ 14. Ke2 Bg4 15. h3 Bxf3+ 16. Kxf3 Bxd4 17. Be4 Bg7 18. Rd5 Qb6 19. Rc5 e5 20. Bg3 f5 21. Bxc6 bxc6 22.
Rxc6 Qb7 23. Ke2 f4 24. Bh4 Kh8 25. Rd1 Rae8 26. Rd7 Qb5+ 27. Kd2 fxe3+ 28. fxe3 e4 29. Rcxc7 Be5 30. Rxh7+ Kg8 31. a4 Qa5+ 32. Kc1 Rf1+ 33.
Qd1 Rxd1+ 34. Kxd1 Bxc7 35. Rd7 Qxa4+ 0-1

[Event "*** Titled Tuesday Blitz"]
[Site "Chess.com"]
[Date "2020.03.03"]
[Round "9"]
[White "politeplayer"]
[Black "tbalabayev"]
[Result "1-0"]
[WhiteElo "2285"]
[BlackElo "2421"]
[TimeControl "180+1"]
[EndTime "10:43:30 PST"]
[Termination "politeplayer won on time"]

1. d4 Nf6 2. c4 d6 3. Nc3 e5 4. dxe5 dxe5 5. Qxd8+ Kxd8 6. g3 c6 7. Bg5 Be6 8. O-O-O+ Kc7 9. f4 Nbd7 10. fxe5 Ng4 11.
Nh3 Ndxe5 12. Bf4 f6 13. e3 Bc5 14. Ne4 Bxe3+ 15. Bxe3 Nxe3 16. Nf4 Bg4 17. Re1 Nxf1 18. Rexf1 Rhe8 19. h3 Bf3 20. Rxf3 Nxf3 21. Nc5 Re1+ 22.
Rxe1 Nxe1 23. Nce6+ Kd6 24. Nxg7 Ke5 25. Kd2 Nf3+ 26.
Ke3 Ng5 27. h4 Nf7 28. c5 Rg8 29. Nd3+ Kd5 30. Nf5 Re8+ 31. Kd2 Ne5 32. Ne3+ Ke4 33. Nf4 Nf3+ 34. Ke2 Nd4+ 35. Kf2 Nf5 36. Ng4 Rf8 37. Ne6 Rf7 38. Nd8 1-0

[Event "*** Titled Tuesday Blitz"]
[Site "Chess.com"]
[Date "2020.03.03"]
[Round "9"]
[White "Resignify"]
[Black "viktorko131"]
[Result "1-0"]
[WhiteElo "2226"]
[BlackElo "2079"]
[TimeControl "180+1"]
[EndTime "10:43:35 PST"]
[Termination "Resignify won on time"]

1. e4 c5 2. Nc3 Nc6 3. g3 g6 4.
Bg2 Bg7 5. d3 e6 6. Be3 Nd4 7.
Nce2 Ne7 8. c3 Nxe2 9. Nxe2 b6 10. Qd2 Bb7 11. Bh6 Bxh6 12. Qxh6 Ng8 13. Qe3 Nf6 14. h3 O-O 15. O-O-O Qe7 16. Rh2 e5 17. f4 exf4 18. gxf4 d6 19. Bf3 Rae8 20. Rg1 c4 21. Ng3 cxd3 22. Qxd3 Nxe4 23. Nf5 Qf6 24. Nh6+ Kg7 25.
Ng4 Qxf4+ 26. Qe3 Qxe3+ 27. Nxe3 Nc5 28. Nf5+ Kf6 29. Bxb7 Nxb7 30. Nd4 Re5 31. Rf2+ Kg7 32. h4 Rfe8 33. Rgf1 f5 34. Kd2 Nc5 35. Kc2 Ne4 36. Rg2 Kf6 37. Nf3 Ra5 38. a3 Rc8 39. h5 1-0